 Dungeon Crawl Stone Soup version 0.29.1-12-g30fa7ad0bf (webtiles) character file.

Game seed: 6978088540243350945

62 Jotpek the Trooper (level 3, -1/34 HPs)
             Began as a Minotaur Berserker on Dec 15, 2022.
             Was a Believer of Trog.
             Slain by Sigmund
             ... wielding a +0 scythe
              (7 damage)
             ... on level 3 of the Dungeon.
             The game lasted 00:04:19 (2278 turns).

Jotpek the Trooper (Minotaur Berserker)             Turns: 2278, Time: 00:04:23

Health: -1/34      AC:  5    Str: 23    XL:     3   Next: 85%
Magic:  2/2        EV: 11    Int:  4    God:    Trog [**....]
Gold:   103        SH:  0    Dex:  9    Spells: 2/2 levels left

rFire   . . .      SeeInvis .   a - +0 mace
rCold   . . .      Faith    .   (no shield)
rNeg    . . .      Spirit   .   k - +0 ring mail
rPois   .          Reflect  .   (helmet restricted)
rElec   .          Harm     .   (no cloak)
rCorr   .          Rampage  .   (no gloves)
Will    .....                   (no boots)
Stlth   +.........              (no amulet)
HPRegen 0.11/turn               (no ring)
MPRegen 0.08/turn               (no ring)

@: no status effects
A: horns 2, retaliatory headbutt
a: Renounce Religion, Berserk, Trog's Hand


You were on level 3 of the Dungeon.
You worshipped Trog.
Trog was pleased with you.
You visited 1 branch of the dungeon, and saw 3 of its levels.

You collected 103 gold pieces.

Inventory:

Hand Weapons
 a - a +0 mace (weapon)
 t - a +2 dagger of venom
Armour
 b - a +0 animal skin
 j - a +0 robe
 k - a +0 ring mail (worn)
Jewellery
 p - a ring of wizardry
 u - a +4 ring of evasion
Scrolls
 c - a scroll of brand weapon {unknown}
 e - 4 scrolls of identify {unknown}
 g - a scroll of blinking {unknown}
 h - a scroll of magic mapping {unknown}
 m - 3 scrolls of teleportation {unknown}
 s - a scroll of amnesia {unknown}
Potions
 d - a potion of degeneration {unknown}
 f - a potion of resistance {unknown}
 i - a potion of ambrosia {unknown}
 l - a potion of magic {unknown}
 n - a potion of lignification {unknown}
 o - 2 potions of haste {unknown}
 q - a potion of cancellation {unknown}
 r - 2 potions of curing {unknown}
 v - a potion of might {unknown}


   Skills:
 + Level 4.6 Fighting
 + Level 4.5 Maces & Flails
 + Level 2.7 Armour
 + Level 2.6 Dodging
 + Level 0.5 Stealth


You had 2 spell levels left.
You didn't know any spells.
Your spell library was empty.

Dungeon Overview and Level Annotations

Branches:
Dungeon (3/15)

Altars:

Annotations:
D:3 Jessica, Sigmund


Innate Abilities, Weirdness & Mutations

You have a pair of horns on your head.
You reflexively headbutt those who attack you in melee.


Message History

The jackal closely misses you.
Sigmund casts a spell.
Sigmund flickers and vanishes!
Deactivating autopickup; reactivate with Ctrl-A.
The jackal attacks as you move away!
The jackal bites you but does no damage.
Jessica mumbles some strange words.
Jessica blinks!
The jackal closely misses you.
You hit the jackal.
You kill the jackal!
Trog accepts your kill.
Jessica mumbles some strange words.
Jessica blinks!
You closely miss the jackal. Your headbutt misses the jackal.
The jackal misses you.
You hit the jackal.
The jackal is almost dead.
The jackal bites you but does no damage. x2
The jackal bites you.
The jackal bites you but does no damage.
You closely miss the jackal. The jackal barely misses you.
The jackal closely misses you. The jackal barely misses you.
You hit the jackal but do no damage.
The jackal is almost dead.
The jackal bites you but does no damage.
Something hits you. The jackal barely misses you.
The jackal bites you but does no damage.
You barely miss the jackal. Your headbutt misses the jackal.
The jackal bites you but does no damage. x2
Something hits you.
The jackal bites you but does no damage.
You barely miss Jessica. Your headbutt misses Jessica. The jackal bites you.
* * * LOW HITPOINT WARNING * * *
Jessica hits you with a +0 club.
* * * LOW HITPOINT WARNING * * *
The jackal closely misses you. The jackal bites you.
* * * LOW HITPOINT WARNING * * *
Jessica hits you but does no damage. Something hits you!
You die...

....##.............
......{.##..........
...##..g............ .
###.h...........
##.............##
#...........#...
####{........#..###
##.hhg..............
##..@#.........#..##.
####..@##.........#.....
#.......................
###.#####...............
#...................>..
#########..............
##.............
#####.........
#.........


You could see Jessica (fast), 2 jackals and a hobgoblin.

Vanquished Creatures
  Robin (D:3)
  A worm (D:2)
  2 dart slugs
  2 endoplasms
  A giant cockroach (D:3)
  14 goblins
  2 hobgoblins (D:1)
  A jackal (D:3)
  A quokka (D:1)
  3 ball pythons
  3 bats
  4 frilled lizards
  2 kobolds
  6 rats
43 creatures vanquished.

Notes
Turn   | Place    | Note
-------+----------+-------------------------------------------
     0 | D:1      | Jotpek the Minotaur Berserker began the quest for the Orb.
     0 | D:1      | Reached XP level 1. HP: 19/19 MP: 0/0
   263 | D:1      | Reached XP level 2. HP: 27/27 MP: 1/1
  1721 | D:2      | Reached XP level 3. HP: 34/34 MP: 2/2
  1768 | D:2      | Found a faded altar of an unknown god.
  1830 | D:3      | Identified the +1 robe of the Evil One {rPois Str+7}
  1859 | D:3      | Reached ** piety under Trog
  1950 | D:3      | Noticed Robin
  2155 | D:3      | Killed Robin
  2259 | D:3      | Noticed Jessica
  2262 | D:3      | Noticed Sigmund
  2278 | D:3      | Slain by Sigmund

Illustrated notes

Levels and vault maps discovered:
D:1:      zelgadis_glass_arrival_small, layout_rooms
D:2:      layout_basic, dilly_ecumenical_altar_fadedgnrine
D:3:      layout_rooms, tgw_kikubaaqudgha, nicolae_uskayaw_dance_hall,
          old_standard_altar, uniq_jessica, uniq_robin, uniq_sigmund

Skill      XL: |  1  2 |
---------------+-------+-----
Fighting       | 4 |  4.6
Maces & Flails | 4 |  4.5
Armour         | |  2.7
Dodging        | |  2.6
Stealth        | |  0.5

Action                   || total
-------------------------++-------
Melee: Mace              ||    72
       Headbutt          ||     8
       Punch             ||     1
Armor: Ring mail         ||    34
       Animal skin       ||     1
Dodge: Dodged            ||    62
